 Dungeon Crawl Stone Soup version 0.31-a0-152-g6aa68a64a1 (webtiles) character file.

Game seed: 6158705598188173721

372 rddays123 the Shooter (level 6, -3/56 HPs)
             Began as a Minotaur Hunter on June 10, 2023.
             Killed by divine providence
             ... invoked by an orc priest
              (16 damage)
             ... on level 4 of the Dungeon.
             The game lasted 00:04:37 (3205 turns).

rddays123 the Shooter (Minotaur Hunter)             Turns: 3205, Time: 00:04:37

Health: -3/56      AC:  4    Str: 16    XL:     6   Next: 43%
Magic:  5/5        EV: 13    Int:  6    God:
Gold:   226        SH:  0    Dex: 15    Spells: 5/5 levels left

rFire   . . .        a - +0 shortbow
rCold   . . .        (shield currently unavailable)
rNeg    . . .        c - +0 leather armour
rPois   .            (helmet restricted)
rElec   .            (no cloak)
rCorr   .            (no gloves)
SInv    .            s - +0 pair of boots
Will    .....        (no amulet)
Stlth   +            (no ring)
HPRegen 0.29/turn    (no ring)
MPRegen 0.09/turn

%: no passive effects
@: no status effects
A: horns 2, retaliatory headbutt
a: no special abilities


You were on level 4 of the Dungeon.
You visited 1 branch of the dungeon, and saw 4 of its levels.

You collected 226 gold pieces.

Inventory:

Hand Weapons
 a - a +0 shortbow (weapon)
Armour
 c - a +0 leather armour (worn)
 s - a +0 pair of boots (worn)
 t - a +0 pair of gloves
Jewellery
 e - a ring of ice
 v - a ring of willpower
Scrolls
 b - a scroll of butterflies
 f - 3 scrolls of teleportation {unknown}
 g - 3 scrolls of identify {unknown}
 i - 2 scrolls of enchant weapon {unknown}
 o - a scroll of fog {unknown}
 q - a scroll of enchant armour {unknown}
 r - a scroll of magic mapping {unknown}
 u - a scroll of fear {unknown}
Potions
 d - 2 potions of enlightenment {unknown}
 h - 2 potions of might {unknown}
 j - 2 potions of brilliance {unknown}
 k - a potion of mutation {unknown}
 l - a potion of cancellation {unknown}
 m - a potion of haste {unknown}
 n - a potion of curing {unknown}
 p - a potion of heal wounds {unknown}
 w - a potion of invisibility {unknown}


   Skills:
 + Level 5.1 Fighting
 + Level 6.0 Ranged Weapons
 + Level 4.6 Dodging
 - Level 1.0 Stealth


You had 5 spell levels left.
You didn't know any spells.
Your spell library contained the following spells:

 Spells                   Type           Power      Damage    Failure   Level
 Freeze                   Ice            0%         1d3       52%         1
 Frozen Ramparts          Ice            0%         1d1       88%         3
 Hailstorm                Conj/Ice       0%         3d3       88%         3


Dungeon Overview and Level Annotations

Branches:
Dungeon (4/15)
 Temple: D:4-7

Altars:
Okawaru


Innate Abilities, Weirdness & Mutations

You have a pair of horns on your head.
You reflexively headbutt those who attack you in melee.


Message History

You shoot an arrow. The arrow hits the orc priest.
You kill the orc priest!
You shoot an arrow. The arrow barely misses the orc priest.
The orc priest begins to cast a cantrip, but forgets the words!
You shoot an arrow. The arrow hits the orc priest.
The orc priest is heavily wounded.
The orc priest looks encouraged for a moment.
You shoot an arrow. The arrow barely misses the orc priest.
You shoot an arrow.
The arrow hits the orc priest but does no damage.
The orc priest is heavily wounded.
The orc priest mumbles some strange prayers to Beogh against you.
Pain shoots through your body!
You are too injured to fight recklessly!
You are too injured to fight recklessly!
You are too injured to fight recklessly!
You are too injured to fight recklessly!
Unknown command.
You are too injured to fight recklessly!
You are too injured to fight recklessly!
You are too injured to fight recklessly!
You shoot an arrow. The arrow hits the orc priest.
The orc priest is almost dead.
The orc priest hits you with a +0 whip.
You shoot an arrow.
The arrow closely misses the orc priest.
The orc priest hits you with a +0 whip.
You shoot an arrow.
The arrow hits the orc priest but does no damage.
The orc priest is almost dead.
The orc priest closely misses you. The orc priest hits you with a +0 whip.
* * * LOW HITPOINT WARNING * * *
You shoot an arrow. The arrow hits the orc priest.
The orc priest is almost dead.
The orc priest hits you with a +0 whip.
* * * LOW HITPOINT WARNING * * *
You shoot an arrow. The arrow barely misses the orc priest.
The orc priest mumbles some strange prayers to Beogh against you.
Beogh smites you!
You die...

#.......#.# #.......#.#
#.......#.# ########.#.#
.# #.#.# .# #.#.# .#
####.#.#
.####....#.#############
................@o)..)..
#####......#############
############ .........
.......#### #...##....
.....#...### .._........
.....#...#


You could see an orc priest.

Vanquished Creatures
  2 scorpions (D:4)
  2 orc priests (D:4)
  2 sleepcaps (D:3)
  An orc wizard (D:3)
  3 adders
  An ufetubus (D:4)
  3 dart slugs
  6 orcs
  4 ball pythons
  6 bats
  4 endoplasms
  6 giant cockroaches
  9 goblins
  3 hobgoblins
  7 jackals (D:1)
  4 kobolds
  A quokka (D:4)
  7 frilled lizards
  7 rats
78 creatures vanquished.

Notes
Turn   | Place    | Note
-------+----------+-------------------------------------------
     0 | D:1      | rddays123 the Minotaur Hunter began the quest for the Orb.
     0 | D:1      | Reached XP level 1. HP: 18/18 MP: 0/0
    28 | D:1      | Reached skill level 1 in Stealth
    63 | D:1      | Reached XP level 2. HP: 25/25 MP: 1/1
   465 | D:1      | Reached XP level 3. HP: 31/31 MP: 2/2
   641 | D:1      | Found a faded altar of an unknown god.
  1418 | D:2      | Reached skill level 5 in Ranged Weapons
  1418 | D:2      | Reached XP level 4. HP: 39/39 MP: 3/3
  2536 | D:3      | Reached XP level 5. HP: 9/46 MP: 4/4
  3001 | D:4      | Found an iron altar of Okawaru.
  3011 | D:4      | Reached XP level 6. HP: 36/55 MP: 5/5
  3192 | D:4      | Reached skill level 5 in Fighting
  3192 | D:4      | Reached skill level 6 in Ranged Weapons
  3205 | D:4      | Killed from afar by an orc priest

Illustrated notes

Levels and vault maps discovered:
D:1:      enne_arrival_octagon_isle, layout_loops_corners,
          hellmonk_ecumenical_altar_blasted, minmay_misc_feat_iff,
          serial_bayou_lagoon_b
D:2:      layout_basic, kennysheep_cluttered_room, corexii_leaking_fountain,
          chequers_serial_rivers_room_b, amcnicky_mini_corridor_feature,
          hangedman_decor_slide_cut
D:3:      layout_basic, minmay_crystal_water,
          amcnicky_mini_rare_corridor_liquid, grunt_ministairs_10,
          hellmonk_no_cap
D:4:      layout_basic, okawaru_gym_becter, cheibrodos_sewer_entry_bend,
          minmay_misc_feat_four_crosses, minmay_goblin_kobold_house

Skill      XL: |  1  2  3  4  5  6 |
---------------+-------------------+-----
Stealth        | 1 |  1.0
Fighting       | 3 4 5 |  5.1
Dodging        | 3 4 |  4.6
Ranged Weapons | 5 6 |  6.0

Action                     |  1- 3 |  4- 6 || total
---------------------------+-------+-------++-------
   Fire: Shortbow          |   100 |   150 ||   250
 Armour: Leather armour    |     9 |    17 ||    26
  Dodge: Dodged            |    33 |    48 ||    81

Table legend: (Time is in decaauts)
 A = Elapsed time spent in this place.
 B = Non-inter-level travel time spent in this place.
 C = Inter-level travel time spent in this place.
 D = Time resting spent in this place.
 E = Time spent auto-exploring this place.
 F = Levels seen in this place.
 G = Mean time per level.
                   A        B        C        D        E       F      G
               +--------+--------+--------+--------+--------+-----+--------+
         Total |   3267 |   3138 |    129 |    379 |   2277 |   4 |  816.8 |
       Dungeon |   3267 |   3138 |    129 |    379 |   2277 |   4 |  816.8 |
               +--------+--------+--------+--------+--------+-----+--------+

Top non-repeatable levels by time:
     D:3: 1116 daAuts
     D:1: 1001 daAuts
     D:2: 914 daAuts
     D:4: 234 daAuts
